 Dungeon Crawl Stone Soup version 0.26-a0-784-g51bffae0b1 (webtiles) character file.

Game seed: 9293274500714838088

384 Kinoniko the Shield-Bearer (level 6, -12/51 HPs)
             Began as a Draconian Fighter on Nov 10, 2020.
             Mangled by an ogre
             ... wielding a +0 giant spiked club
              (13 damage)
             ... on level 5 of the Dungeon.
             The game lasted 00:03:52 (3325 turns).

Kinoniko the Shield-Bearer (Draconian Fighter)      Turns: 3325, Time: 00:03:53

Health: -12/51     AC:  7    Str: 16 (18) XL:     6   Next: 47%
Magic:  0/6        EV: 11    Int:  8      God:
Gold:   150        SH: 10    Dex: 12 (13) Spells: 5/5 levels left

rFire    . . .     SeeInvis .   a - +1 long sword
rCold    . . .     Faith    .   b - +1 kite shield
rNeg     . . .     Spirit   +   (armour unavailable)
rPois    .         Reflect  .   (helmet restricted)
rElec    .         Harm     .   (no cloak)
rCorr    .         Rampage  .   e - +0 pair of gloves
MR       .....                  (no boots)
Stlth    +.........             d - amulet of guardian spirit
HPRegen  0.17/turn              (no ring)
MPRegen  0.10/turn              (no ring)

@: no status effects
A: unfitting armour, cold-blooded, AC +6
a: no special abilities


You were on level 5 of the Dungeon.
You visited 1 branch of the dungeon, and saw 5 of its levels.

You collected 150 gold pieces.

Inventory:

Hand Weapons
 a - a +1 long sword (weapon)
Armour
 b - a +1 kite shield (worn)
 e - a +0 pair of gloves (worn)
Jewellery
 d - an amulet of guardian spirit (around neck)
Scrolls
 c - 2 scrolls of remove curse
 i - a scroll of identify
 l - 2 scrolls of teleportation


   Skills:
 - Level 3.2 Fighting
 * Level 5.1 Long Blades
 - Level 2.6 Dodging
 * Level 5.6 Shields


You had 5 spell levels left.
You didn't know any spells.
Your spell library was empty.

Dungeon Overview and Level Annotations

Branches:
Dungeon (5/15)
 Temple: D:4-7

Altars:


Innate Abilities, Weirdness & Mutations

Your plain brown scales are hard. (AC +6)
You cannot fit into any form of body armour.
You are cold-blooded and may be slowed by cold attacks.


Message History

You barely miss the ogre.
You feel sick. You block the ogre's attack.
You slash the ogre!
The ogre is moderately wounded.
The ogre closely misses you.
You hit the ogre. You tail-slap the ogre.
The ogre is moderately wounded.
The ogre hits you with a +0 giant spiked club!
* * * LOW HITPOINT WARNING * * *
You slash the ogre!
The ogre is heavily wounded.
* * * LOW HITPOINT WARNING * * *
You feel sick.
You are no longer poisoned.
You block the ogre's attack.
You hit the ogre.
The ogre is severely wounded.
You hit the ogre but do no damage.
The ogre is severely wounded.
The ogre hits you with a +0 giant spiked club!
You die...

*,* *,****************** *,*
****###,**,,,,,,,,,,,,,,,, *,*
*,,,,...,,,***************
**,****,**###.###* *
*,,,,,<,*##.....# ********
*,,,,,,,,,..#*#.#########..,,,,,
*,,,******#<# #....<.......*****
*,,,#######.###.#########..* *
*,,,.?........O@# *,,* ***
*,,,.##.....##### *,,* *,,
**,,,,*#.........#** *,,* *,*
*,,,,....###.......# *,,* *,*
*,,,,...,**#.###...# *,,* *,*
*,,,,..,,,,..# **#.# *,,* *,*
***,,.,,,**..# *,#******,,***,*
***,,,,,,**..#* *,,,,,,,,,,**,,,
<,,,,***,,....* *,,,,,,,,,,,,,,,


You could see an ogre.

Vanquished Creatures
  A phantom (D:4)
  An ogre (D:4)
  An iguana (D:4)
  2 orc wizards (D:4)
  A worker ant (D:4)
  3 adders
  An ooze (D:1)
  An adder zombie (D:5)
  A worm (D:3)
  An adder skeleton (D:4)
  A dart slug (D:1)
  3 leopard geckos
  7 orcs
  4 bats
  6 giant cockroaches
  5 goblins
  6 hobgoblins
  8 jackals
  4 kobolds
  2 quokkas (D:4)
  A ball python (D:4)
  4 frilled lizards
  4 rats
68 creatures vanquished.

Notes
Turn   | Place    | Note
-------+----------+-------------------------------------------
     0 | D:1      | Kinoniko the Draconian Fighter began the quest for the Orb.
     0 | D:1      | Reached XP level 1. HP: 19/19 MP: 1/1
   219 | D:1      | Reached XP level 2. HP: 25/26 MP: 2/2
   551 | D:2      | Reached XP level 3. HP: 25/31 MP: 3/3
  1537 | D:3      | Reached XP level 4. HP: 28/38 MP: 4/4
  1985 | D:4      | Noticed a phantom
  2036 | D:4      | Killed a phantom
  2036 | D:4      | Reached XP level 5. HP: 12/45 MP: 2/5
  2329 | D:4      | Reached skill level 5 in Shields
  3046 | D:4      | Noticed an ogre
  3095 | D:4      | Killed an ogre
  3095 | D:4      | Reached XP level 6. HP: 51/51 MP: 4/6
  3104 | D:4      | Reached skill level 5 in Long Blades
  3290 | D:5      | Entered Level 5 of the Dungeon
  3322 | D:5      | HP: 2/51 [ogre/+0 giant spiked club (8)]
  3325 | D:5      | Mangled by an ogre

Illustrated notes

Levels and vault maps discovered:
D:1:      onia_arrival_mini_spirals, layout_basic
D:2:      layout_basic, chequers_arboretum
D:3:      layout_rooms
D:4:      layout_gridville
D:5:      layout_loops_ring, uniq_duvessa

Skill      XL: |  1  2  3  4  5  6 |
---------------+-------------------+-----
Long Blades    | 3 4 5 |  5.1
Shields        | 4 5 |  5.6
Fighting       | |  3.2
Dodging        | |  2.6

Action                   |  1- 3 |  4- 6 || total
-------------------------+-------+-------++-------
Melee: Long sword        |   106 |   145 ||   251
       Tailslap          |    10 |    19 ||    29
  Use: Scroll            |     3 |     6 ||     9
       Potion            |       |     6 ||     6
 Stab: Sleeping          |     1 |       ||     1
Armor: Skin              |    42 |    64 ||   106
Dodge: Dodged            |    56 |    74 ||   130
Block: Kite shield       |    72 |    94 ||   166
       Rpst.: Long sword |    17 |    24 ||    41

Table legend: (Time is in decaauts)
 A = Elapsed time spent in this place.
 B = Non-inter-level travel time spent in this place.
 C = Inter-level travel time spent in this place.
 D = Time resting spent in this place.
 E = Time spent auto-exploring this place.
 F = Levels seen in this place.
 G = Mean time per level.
                   A        B        C        D        E       F      G
               +--------+--------+--------+--------+--------+-----+--------+
         Total |   3388 |   3285 |    103 |    888 |   1788 |   5 |  677.6 |
       Dungeon |   3388 |   3285 |    103 |    888 |   1788 |   5 |  677.6 |
               +--------+--------+--------+--------+--------+-----+--------+

Top non-repeatable levels by time:
     D:4: 1351 daAuts
     D:2: 856 daAuts
     D:3: 593 daAuts
     D:1: 549 daAuts
     D:5: 38 daAuts
